 Seeded DCSS version 0.29-a0-23-ga79f92ac9c (webtiles) character file.

Game seed: 10000000000011 (custom seed)

59633 knot the Severer (level 14, -26/98 HPs)
             Began as a Demonspawn Berserker on Jan 31, 2022.
             Was an Elder of Trog.
             Annihilated by Rupert (63 damage)
             ... on level 5 of the Lair of Beasts.
             The game lasted 00:52:24 (31705 turns).

knot the Severer (Demonspawn Berserker)            Turns: 31705, Time: 00:52:25

Health: -26/98     AC: 15    Str: 18    XL:     14   Next: 53%
Magic:  0/24       EV: 12    Int: 19    God:    Trog [****..]
Gold:   1831       SH:  0    Dex: 22    Spells: 13/13 levels left

rFire   . . .      SeeInvis .   E - +9 battleaxe of the Countless Yaks {freeze, rPois Dex+4}
rCold   + . .      Faith    .   (shield currently unavailable)
rNeg    . . .      Spirit   +   s - +1 chain mail of Urghimes {Fly rPois rC+ Slay-2 Stlth+}
rPois   +          Reflect  .   y - +3 hat of Pondering {ponderous, Will+ MP+10 Int+5}
rElec   .          Harm     .   k - +1 cloak {Stlth+}
rCorr   .          Rampage  .   (gloves unavailable)
Will    +++..                   (no boots)
Stlth   ++........              F - amulet of the acrobat
HPRegen 2.26/turn               B - ring of willpower
MPRegen 0.38/turn               G - +6 ring of dexterity

@: marked, flying, slow
A: powered by death 1, magic shield, magic regeneration, magic link, sturdy
frame 2, demonic touch 3
a: Renounce Religion, Berserk, Trog's Hand, Brothers in Arms


You were on level 5 of the Lair of Beasts.
You worshipped Trog.
Trog was greatly pleased with you.
You visited 3 branches of the dungeon, and saw 20 of its levels.

You collected 2171 gold pieces.
You spent 340 gold pieces at shops.

Inventory:

Hand Weapons
 z - a +3 scimitar of flaming
 C - a +0 battleaxe of freezing
 E - the +9 battleaxe of the Countless Yaks (weapon) {freeze, rPois Dex+4}
   (You acquired it on level 3 of the Lair of Beasts)

   It freezes those it strikes, dealing additional cold damage.
   It can also slow down cold-blooded creatures.
   Dex:       It affects your dexterity (+4).
   rPois:     It protects you from poison.
Missiles
 f - 360 stones (quivered)
 l - 8 poisoned darts
 t - 36 sling bullets
Armour
 k - a +1 cloak of stealth (worn)
 r - a +2 robe of fire resistance
 s - the +1 chain mail of Urghimes (worn) {Fly rPois rC+ Slay-2 Stlth+}
   (You bought it in a shop on level 3 of the Dungeon)

   Slay:      It affects your accuracy & damage with ranged weapons and melee
   (-2).
   rC:        It protects you from cold.
   rPois:     It protects you from poison.
   Fly:       It grants you flight.
   Stlth:     It makes you more stealthy.
 y - the +3 hat of Pondering (worn) {ponderous, Will+ MP+10 Int+5}
   (You found it on level 8 of the Dungeon)

   Int:       It affects your intelligence (+5).
   MP:        It affects your magic capacity (+10).
   Will:      It increases your willpower.
 A - a +2 robe of cold resistance
 Q - a +5 ring mail of ponderousness
 X - the +0 leather armour of Lodamu {rC+ SInv}
   (You found it on level 4 of the Lair of Beasts)

   rC:        It protects you from cold.
   SInv:      It lets you see invisible.
Jewellery
 d - an amulet of reflection
 i - a ring of resist corrosion
 B - a ring of willpower (left hand)
 F - an amulet of the acrobat (around neck)
 G - a +6 ring of dexterity (right hand)
 K - a +6 ring of dexterity
 M - a ring of magical power
 T - a ring of protection from fire
 W - the amulet of Risuwni {Acrobat Contam Str+7}
   (You found it on level 4 of the Lair of Beasts)

   [amulet of the acrobat]

   It increases your evasion while moving and waiting.
   Str:       It affects your strength (+7).
   Contam:    It causes magical contamination when unequipped.
Wands
 o - a wand of polymorph (18)
 q - a wand of flame (47)
 u - a wand of iceblast (14)
 w - a wand of paralysis (2)
 I - a wand of digging (4)
 P - a wand of mindburst (6)
Scrolls
 a - a scroll of summoning
 b - 2 scrolls of magic mapping
 e - 2 scrolls of holy word
 h - 2 scrolls of teleportation
 m - 6 scrolls of blinking
 n - a scroll of fog
 p - a scroll of enchant armour
 L - 2 scrolls of silence
 N - a scroll of identify
 O - a scroll of fear
 S - 3 scrolls of enchant weapon
 V - a scroll of brand weapon
Potions
 c - 2 potions of flight
 g - 3 potions of brilliance
 j - 8 potions of curing
 v - 2 potions of resistance
 x - 6 potions of attraction
 D - a potion of berserk rage
 H - a potion of cancellation
 J - 3 potions of might
 R - a potion of degeneration
 U - a potion of haste


   Skills:
 * Level 5.2 Fighting
 * Level 19.9 Axes
 - Level 10.9 Throwing
 * Level 4.2 Armour
 * Level 4.2 Dodging


You had 13 spell levels left.
You didn't know any spells.
Your spell library contained the following spells:

 Spells                   Type           Power      Damage    Failure   Level
 Pain                     Necr           0%         1d4       61%         1
 Sandblast                Erth           0%         2d4       61%         1
 Slow                     Hex            0%         N/A       61%         1
 Corpse Rot               Necr/Air       0%         N/A       75%         2
 Ensorcelled Hibernation  Hex/Ice        0%         N/A       75%         2
 Passwall                 Tmut/Erth      0%         N/A       75%         2
 Poisonous Vapours        Pois/Air       0%         N/A       75%         2
 Static Discharge         Conj/Air       0%         N/A       75%         2
 Confusing Touch          Hex            0%         N/A       93%         3
 Ozocubu's Armour         Ice            0%         N/A       93%         3
 Stone Arrow              Conj/Erth      0%         3d7       93%         3
 Summon Guardian Golem    Hex/Summ       0%         N/A       93%         3
 Swiftness                Air            0%         N/A       93%         3
 Tukima's Dance           Hex            0%         N/A       93%         3
 Vampiric Draining        Necr           0%         2d6       93%         3
 Anguish                  Hex/Necr       0%         N/A       100%        4
 Animate Armour           Summ/Erth      0%         N/A       100%        4
 Agony                    Necr           0%         N/A       100%        5
 Excruciating Wounds      Necr           0%         N/A       100%        5
 Lightning Bolt           Conj/Air       0%         1d11      100%        5
 Metabolic Englaciation   Hex/Ice        0%         N/A       100%        5
 Simulacrum               Ice/Necr       0%         N/A       100%        6
 Enfeeble                 Hex            0%         N/A       100%        7
 Orb of Destruction       Conj           0%         9d5       100%        7
 Spellforged Servitor     Conj/Summ      0%         N/A       100%        7
 Lehudib's Crystal Spear  Conj/Erth      0%         10d2      100%        8
 Maxwell's Capacitive Co  Air            0%         ∞         100%        8


Dungeon Overview and Level Annotations

Branches:
Dungeon (13/15)            Temple (0/1) D:4            Lair (5/6) D:9
  Swamp (0/4) Lair:2       Spider (0/4) Lair:3          Orc (2/2) D:12
    Elf (0/3) Orc:2
  Slime: Lair:5-6    Vaults: D:13-14

Altars:
Hepliaklqana
Kikubaaqudgha
Okawaru
Ru
Uskayaw

Shops:
D:3 [   D:8 :   Orc:2 (([(

Annotations:
Lair:5 Rupert


Innate Abilities, Weirdness & Mutations

You regenerate a little health from kills.
When hurt, damage is shared between your health and your magic reserves.
You regenerate magic rapidly.
When low on magic, you restore magic in place of health.
Your movements are less encumbered by armour. (ER -4)
Your touch may irresistibly damage your foes and sap their willpower.


Message History

The flash freeze hits you! You partially resist.
You are encased in ice.
You slash the rime drake!
The rime drake is heavily wounded.
You closely miss the rime drake.
The rime drake is heavily wounded.
The rime drake bites you but does no damage.
You slice the rime drake!! You freeze the rime drake.
You kill the rime drake!
Trog accepts your kill.
You slash the cane toad! You freeze the cane toad.
The cane toad is heavily wounded.
A dream sheep comes into view.
Rupert the Wild comes into view.
He is wielding a +0 great mace of holy wrath.
The cane toad stings you!
You hit the cane toad.
The cane toad seems to slow down.
You freeze the cane toad.
The cane toad is heavily wounded.
A dream sheep comes into view.
You slice the cane toad!! You freeze the cane toad!
You kill the cane toad!
Trog accepts your kill. The ice encasing you melts away.
A dream sheep comes into view.
You see here a rime drake corpse.
Aiming: Paralyse
Press: ? - help, Shift-Dir - straight line, f - Rupert
Aim: Rupert, wielding a +0 great mace of holy wrath and wearing a +0 chain mail (chance to affect: 1%)
Okay, then.
You fail to use your ability.
A dream sheep comes into view.
The dream sheep shake their wool and sparkle.
You feel drowsy...
You fall asleep.
Rupert roars madly and goes into a rage!
Rupert goes berserk!
A dream sheep comes into view.
A water moccasin comes into view.
Rupert hits you with a +0 great mace of holy wrath!!!
You wake up.
You convulse!!!!
Ouch! That really hurt!
You die...

## ##########
#.###......P.#
##..........
##..$......#
#P#......††..#
.........†P##
.##....†...#
#.......## ##.@....P#
#.@>.....#
##...Y...##
####.#.#..#.#
#.#.###...Y##
##.S##.+.Y.##
#####........Y###
...#.............Y.#.
#...............+..


You could see Rupert (berserk), a water moccasin and 5 dream sheep.

Vanquished Creatures
  The ghost of Ruicvywi the Grappler, a journeyman OgTm of Okawaru (Lair:3)
  Snorg (Lair:3)
  The ghost of knot the Cleaver, a journeyman DsBe of Trog (Lair:3)
  2 boulder beetles
  2 ogre magi (Orc:2)
  6 hydras
  Harold (D:8)
  A death knight (D:12)
  2 centaur warriors (D:13)
  Erica (D:8)
  12 two-headed ogres
  A skeletal warrior (D:13)
  2 deep trolls (Orc:2)
  An orc sorcerer (Orc:1)
  2 manticores (D:12)
  2 ugly things (D:12)
  4 cyclopes
  8 elephants (Lair:3)
  4 black mambas
  Joseph (D:7)
  3 unseen horrors
  2 rime drakes (Lair:5)
  13 cane toads
  3 freezing wraiths (D:13)
  The ghost of Theoretic the Jinx, a novice FeEn of Makhleb (D:8)
  9 komodo dragons
  A kobold demonologist (D:5)
  9 trolls
  A polar bear (Lair:4)
  9 blink frogs
  Prince Ribbit (D:8)
  5 slime creatures (D:12)
  4 dream sheep (Lair:1)
  20 yaks
  A shadow (D:13)
  4 hogs (D:12)
  3 wraiths
  2 basilisks
  13 vampire mosquitoes
  An acid dragon (D:9)
  10 water moccasins
  9 orc warriors
  A sky beast (Lair:1)
  3 black bears
  A necrophage (D:6)
  An ice beast (D:7)
  32 wolves
  23 ogres
  8 centaurs
  A boggart (D:5)
  A phantom (D:6)
  A kobold brigand (D:7)
  7 scorpions
  2 wyvern zombies (D:7)
  10 bullfrogs
  A wyvern skeleton (D:7)
  Dowan (D:4)
  8 killer bees
  9 wights
  6 howler monkeys
  4 centaur zombies
  7 orc priests
  2 jellies
  2 bullfrog skeletons
  3 centaur skeletons
  A gnoll shaman (Orc:1)
  3 hounds
  Ijyb (D:4)
  8 orc wizards
  A scorpion zombie (D:5)
  7 adders
  4 gnolls (Orc:1)
  A shadow imp (D:7)
  A white imp (D:5)
  33 orcs
  5 endoplasms
  2 giant cockroaches
  5 goblins
  5 hobgoblins
  14 jackals
  A quokka (D:4)
  4 ball pythons
  7 bats
  5 frilled lizards
  7 kobolds
  5 rats
  A bush (Lair:5)
434 creatures vanquished.

Vanquished Creatures (collateral kills)
  Kirke (D:12)
1 creature vanquished.

Vanquished Creatures (others)
  A two-headed ogre (D:11)
  An orc (D:7)
  40 fungi
  38 plants
  6 withered plants (Lair:3)
86 creatures vanquished.

Grand Total: 521 creatures vanquished

Notes
Turn   | Place    | Note
-------+----------+-------------------------------------------
     0 | D:1      | knot the Demonspawn Berserker began the quest for the Orb.
     0 | D:1      | Reached XP level 1. HP: 18/18 MP: 1/1
    48 | D:1      | Reached skill level 3 in Axes
   257 | D:1      | Gained mutation: You regenerate magic rapidly. [demonic
                  | ancestry]
   257 | D:1      | Reached XP level 2. HP: 16/24 MP: 2/2
  1272 | D:2      | Gained mutation: Your touch may inflict minor irresistible
                  | damage on your foes. [demonic ancestry]
  1272 | D:2      | Reached XP level 3. HP: 28/29 MP: 3/3
  1346 | D:2      | Reached skill level 4 in Axes
  2009 | D:2      | Reached XP level 4. HP: 22/35 MP: 4/4
  2231 | D:2      | Reached ** piety under Trog
  2524 | D:3      | Found Daocsar's Antique Armour Emporium.
  2538 | D:3      | Noticed an ogre
  2548 | D:3      | Killed an ogre
  2549 | D:3      | Reached skill level 5 in Axes
  2549 | D:3      | Reached XP level 5. HP: 41/41 MP: 5/5
  3253 | D:4      | Found a staircase to the Ecumenical Temple.
  3367 | D:4      | Noticed Ijyb
  3398 | D:4      | Killed Ijyb
  3399 | D:4      | Reached skill level 6 in Axes
  3454 | D:4      | Gained mutation: Your touch may inflict irresistible damage
                  | on your foes. [demonic ancestry]
  3454 | D:4      | Reached XP level 6. HP: 43/47 MP: 6/6
  3528 | D:4      | HP: 2/47 [poisoned by a scorpion]
  3798 | D:4      | Noticed Duvessa
  3799 | D:4      | Noticed Duvessa
  3799 | D:4      | Duvessa changed into Duvessa the scorpion
  3804 | D:4      | Killed Duvessa the scorpion
  3847 | D:4      | Reached skill level 1 in Throwing
  3963 | D:5      | Entered Level 5 of the Dungeon
  3972 | D:5      | Noticed a kobold demonologist
  3977 | D:5      | Noticed a sun demon
  3979 | D:5      | Noticed a rust devil
  3990 | D:5      | Killed a kobold demonologist
  3991 | D:5      | Reached skill level 7 in Axes
  3991 | D:5      | Gained mutation: When hurt, damage is shared between your
                  | health and your magic reserves. [demonic ancestry]
  3991 | D:5      | Reached XP level 7. HP: 16/52 MP: 7/7
  4232 | D:5      | HP: 1/52 [something (5)]
  4934 | D:5      | Gained mutation: You regenerate a little health from kills.
                  | [demonic ancestry]
  4934 | D:5      | Reached XP level 8. HP: 48/58 MP: 6/8
  5212 | D:5      | Reached skill level 8 in Axes
  5385 | D:5      | Found a hide-covered altar of Uskayaw.
  5885 | D:6      | Reached skill level 5 in Throwing
  6311 | D:3      | Bought a runed cloak for 150 gold pieces
  6492 | D:4      | Found a staircase to the Ecumenical Temple.
  6501 | D:4      | Noticed Dowan
  6506 | D:4      | Killed Dowan
  7347 | D:6      | Found an iron altar of Okawaru.
  7669 | D:7      | Reached skill level 9 in Axes
  7678 | D:7      | Gained mutation: Your touch may irresistibly damage your
                  | foes and sap their willpower. [demonic ancestry]
  7678 | D:7      | Reached XP level 9. HP: 63/63 MP: 6/9
  7852 | D:3      | Bought an ichor-stained chain mail for 190 gold pieces
  7852 | D:3      | Identified the +1 chain mail of Urghimes {Fly rPois rC+
                  | Slay-2 Stlth+} (You bought it in a shop on level 3 of the
                  | Dungeon)
  7939 | D:7      | Noticed Joseph
  7957 | D:7      | Killed Joseph
  8434 | D:7      | Found a sacrificial altar of Ru.
  9325 | D:8      | Noticed Harold
  9349 | D:8      | Killed Harold
  9350 | D:8      | Reached skill level 10 in Axes
  9516 | D:8      | Found the +3 hat of Pondering {ponderous, Will+ MP+10
                  | Int+5}
  9642 | D:8      | Noticed Prince Ribbit
  9677 | D:8      | Killed Prince Ribbit
  9867 | D:8      | Noticed Erica
  9883 | D:8      | Killed Erica
  9884 | D:8      | Reached XP level 10. HP: 70/70 MP: 10/10
 10128 | D:8      | Found a large runed translucent door.
 10128 | D:8      | Found a large runed translucent door.
 10130 | D:8      | Noticed Theoretic's ghost (novice FeEn)
 10402 | D:8      | Found Yhyquem's Self-Improvement Boutique.
 10439 | D:8      | Reached skill level 11 in Axes
 10635 | D:8      | Noticed a two-headed ogre
 10649 | D:8      | Killed a two-headed ogre
 12342 | D:9      | Found a staircase to the Lair.
 13078 | Lair:1   | Entered Level 1 of the Lair of Beasts
 13082 | Lair:1   | Noticed a cane toad
 13096 | Lair:1   | Killed a cane toad
 13097 | Lair:1   | Reached skill level 10 in Throwing
 13211 | Lair:1   | Reached skill level 12 in Axes
 13525 | Lair:1   | Noticed a black mamba
 13525 | Lair:1   | You are sucked into a shaft and drop 1 floor!
 13554 | Lair:2   | Gained mutation: Your movements are slightly less
                  | encumbered by armour. (ER -2) [demonic ancestry]
 13554 | Lair:2   | Reached XP level 11. HP: 55/75 MP: 9/11
 13762 | Lair:1   | Noticed a five-headed hydra
 14525 | Lair:1   | Noticed Maggie
 14528 | Lair:1   | Noticed Maggie
 14528 | Lair:1   | Maggie changed into Maggie the sky beast
 14535 | Lair:1   | Killed Maggie the sky beast
 14536 | Lair:1   | Reached skill level 13 in Axes
 15359 | Lair:1   | Killed a four-headed hydra
 15360 | Lair:1   | Reached skill level 14 in Axes
 16521 | Lair:2   | Gained mutation: When low on magic, you restore magic in
                  | place of health. [demonic ancestry]
 16521 | Lair:2   | Reached XP level 12. HP: 81/81 MP: 12/12
 16580 | Lair:2   | Found a staircase to the Swamp.
 17240 | Lair:2   | Noticed a six-headed hydra
 17249 | Lair:2   | Killed a five-headed hydra
 17888 | Lair:3   | Noticed Snorg
 17966 | Lair:3   | Reached skill level 15 in Axes
 18317 | Lair:3   | Identified a scroll of acquirement
 18317 | Lair:3   | Acquired the +9 battleaxe of the Countless Yaks {freeze,
                  | rPois Dex+4}
 18467 | Lair:3   | Reached *** piety under Trog
 19204 | Lair:3   | Found a hole to the Spider Nest.
 19318 | D:8      | Killed Theoretic's ghost
 19613 | D:10     | Entered Level 10 of the Dungeon
 19816 | D:10     | You are sucked into a shaft and drop 2 floors!
 19824 | D:12     | Reached skill level 16 in Axes
 19978 | D:12     | Noticed Kirke
 19990 | D:12     | Noticed a sphinx
 19998 | D:12     | Killed Kirke
 20210 | D:11     | Killed a two-headed ogre
 20382 | D:10     | Found an ancient bone altar of Kikubaaqudgha.
 20605 | D:10     | Found a hazy altar of Hepliaklqana.
 21179 | D:11     | Reached skill level 17 in Axes
 21319 | D:11     | Noticed a two-headed ogre
 21327 | D:11     | Killed a two-headed ogre
 21587 | D:12     | Reached XP level 13. HP: 69/86 MP: 13/13
 22587 | D:12     | Found a staircase to the Orcish Mines.
 23008 | D:13     | Reached **** piety under Trog
 23020 | D:13     | Reached skill level 18 in Axes
 23463 | D:12     | Found a staircase to the Orcish Mines.
 25834 | Orc:1    | Entered Level 1 of the Orcish Mines
 26337 | Orc:2    | Entered Level 2 of the Orcish Mines
 27076 | Orc:2    | Reached skill level 19 in Axes
 27897 | Orc:2    | Gained mutation: Your movements are less encumbered by
                  | armour. (ER -4) [demonic ancestry]
 27897 | Orc:2    | Reached XP level 14. HP: 48/93 MP: 11/14
 28417 | Orc:2    | Found Isumof's Weapon Shoppe.
 28495 | Orc:2    | Found Pext's Antique Weapon Shop.
 28543 | Orc:2    | Found Cops's Armour Emporium.
 28544 | Orc:2    | Found Plog's Antique Weapon Shoppe.
 28623 | Orc:2    | Found a staircase to the Elven Halls.
 29041 | Lair:3   | Found a runed translucent gate.
 29042 | Lair:3   | Found a runed translucent gate.
 29043 | Lair:3   | Found a runed translucent gate.
 29044 | Lair:3   | Noticed knot's ghost (journeyman DsBe)
 29044 | Lair:3   | Noticed Ruicvywi's ghost (journeyman OgTm)
 29395 | Lair:3   | Killed Snorg
 29970 | Lair:3   | Killed Ruicvywi's ghost
 29972 | Lair:3   | Killed knot's ghost
 30310 | Lair:4   | Identified the amulet of Risuwni {Acrobat Contam Str+7}
 30896 | Lair:4   | Identified the +0 leather armour of Lodamu {rC+ SInv}
 31092 | Lair:5   | Reached skill level 5 in Fighting
 31699 | Lair:5   | Noticed Rupert
 31705 | Lair:5   | Annihilated by Rupert

Illustrated notes

Levels and vault maps discovered:
D:1:      lordsloth_arrival_two_stooges, layout_basic, grunt_decor_fettered,
          minmay_misc_feat_diagonals, nicolae_concentric_dashed_squares_wild
D:2:      layout_rooms, hangedman_decor_clover_reticule
D:3:      layout_basic, serial_shops, shop, kennysheep_path_1
D:4:      layout_rooms, temple_doors_e, uniq_duvessa, uniq_ijyb
D:5:      layout_loops_cross, nicolae_uskayaw_suspiria, item_on_display_a
D:6:      layout_rooms, nicolae_overflow_hidden_temple, grunt_ministairs_6
D:7:      layout_loops_ring, nicolae_ru_awakened_eye, palyth_stone_intersect,
          minmay_misc_feat_alley, minivault_27, uniq_joseph
D:8:      layout_loops_ring, ebering_ghost_disaster_area,
          nicolae_shop_self_help, uniq_harold, uniq_erica, uniq_prince_ribbit1
D:9:      layout_grid_maze, grunt_lair_entry_orc_guard_hut
D:10:     layout_loops_cross, mainiacjoe_overflow_alcove_2,
          kennysheep_little_box
D:11:     layout_rooms, lemuel_flamethrower_hall
D:12:     layout_grid_maze, orc_0_dummy, dreamdust_deal_with_the_devil,
          kennysheep_generic_room_15, uniq_kirke
D:13:     layout_basic
Lair:1:   layout_small_grid, minivault_27, grunt_forest_small_clearing_treed,
          uniq_maggie
Lair:2:   layout_cave_pods, swamp_mist_pool
Lair:3:   layout_cave_pods, dummy_spider_entry, gammafunk_ghost_cemetery,
          beast_lair_carwin_4, uniq_snorg
Lair:4:   layout_loops_ring, serial_forest, infiniplex_forest_clump_long,
          infiniplex_forest_clump_small, infiniplex_forest_3_way,
          infiniplex_forest_lined_1
Lair:5:   layout_roguey, grunt_forest_stairs_basic, uniq_rupert
Orc:1:    layout_diamond_mine
Orc:2:    st_orc_open, layout_caves

Skill      XL: |  1  2  3  4  5  6  7  8  9 10 11 12 13 14 |
---------------+-------------------------------------------+-----
Axes           | 3 4 5 6 7 9 10 12 14 17 19 | 19.9
Throwing       | 2 4 6 8 10 | 10.9
Armour         | 4 |  4.2
Dodging        | 4 |  4.2
Fighting       | 5 |  5.2

Action                   |  1- 3 |  4- 6 |  7- 9 | 10-12 | 13-15 || total
-------------------------+-------+-------+-------+-------+-------++-------
Melee: Hand axe          |   128 |    96 |   282 |   195 |       ||   701
       Punch             |     2 |     1 |     5 |     1 |     1 ||    10
       Touch             |     6 |    21 |    53 |    28 |     2 ||   110
       Battleaxe         |       |       |       |   425 |   450 ||   875
       Scimitar          |       |       |       |     3 |     8 ||    11
Throw: Dart              |       |     2 |    11 |     2 |    30 ||    45
       Stone             |       |       |    12 |     5 |    15 ||    32
       Boomerang         |       |       |    13 |   102 |    26 ||   141
       Throwing net      |       |       |       |     2 |       ||     2
Invok: Berserk           |     1 |     4 |    14 |    23 |    19 ||    61
       Trog's Hand       |       |     2 |     2 |     2 |     1 ||     7
Evoke: Wand              |       |     1 |     1 |    21 |     3 ||    26
  Use: Potion            |       |       |     5 |     1 |     1 ||     7
       Scroll            |       |       |       |    24 |     7 ||    31
 Stab: Sleeping          |       |       |     2 |       |     2 ||     4
       Held in net/web   |       |       |       |     1 |       ||     1
       Distracted        |       |       |       |     1 |     1 ||     2
Armor: Animal skin       |    19 |    10 |    14 |       |       ||    43
       Skin              |       |       |     4 |       |       ||     4
       Robe              |       |       |     3 |       |       ||     3
       Chain mail        |       |       |    38 |   379 |   186 ||   603
Dodge: Dodged            |    94 |    55 |    89 |   263 |   268 ||   769
Block: Other             |    27 |    17 |    54 |   146 |       ||   244
       Reflection        |       |       |     1 |       |       ||     1

Table legend: (Time is in decaauts)
 A = Elapsed time spent in this place.
 B = Non-inter-level travel time spent in this place.
 C = Inter-level travel time spent in this place.
 D = Time resting spent in this place.
 E = Time spent auto-exploring this place.
 F = Levels seen in this place.
 G = Mean time per level.
                   A        B        C        D        E       F      G
               +--------+--------+--------+--------+--------+-----+--------+
         Total |  33038 |  31181 |   1857 |  12319 |  14662 |  20 | 1651.9 |
       Dungeon |  20506 |  19236 |   1270 |   6779 |   9939 |  13 | 1577.4 |
          Lair |   9339 |   8833 |    506 |   3951 |   3638 |   5 | 1867.8 |
  Orcish Mines |   3192 |   3112 |     80 |   1588 |   1085 |   2 | 1596.0 |
               +--------+--------+--------+--------+--------+-----+--------+

Top non-repeatable levels by time:
    D:12: 3308 daAuts
  Lair:2: 3021 daAuts
  Lair:1: 2668 daAuts
     D:8: 2320 daAuts
   Orc:1: 1978 daAuts
  Lair:3: 1922 daAuts
     D:9: 1895 daAuts
     D:5: 1778 daAuts
    D:13: 1749 daAuts
     D:6: 1692 daAuts
     D:7: 1509 daAuts
     D:4: 1490 daAuts
  Lair:4: 1284 daAuts
     D:1: 1277 daAuts
   Orc:2: 1214 daAuts
